AoeStats
← yagokp

Arabia

506290587Analyzed
2v2 RM · 19d ago on Sep 13, 2026· 35m 47s· 4 players
Game mode
Random Map
Map size
Medium (4 player)
Population
200
Speed
Normal
Resources
Standard
Victory
Conquest
Starting age
Dark Age
Ending age
Imperial Age
RankedLock teamsTeams togetherTeam positionsShared explorationLock speedFull tech treeHidden civsTurbo modeCheats
Victory
Defeat
🇺🇸 Vietnamese · United States
671
+15
🇺🇸 Huns · United States
643
+16
🇧🇷 Khmer · Brazil
668
-32
🇧🇷 Goths · Brazil
606
-14
yagokp
11:25 Feudal Age
11:26 Man-at-Arms
13:23 Forging
13:14 Scale Mail Armor
36:20 Castle Age
Igorlinguica
11:03 Feudal Age
12:28 Wheelbarrow
12:03 Horse Collar
12:35 Double-Bit Axe
20:08 Castle Age
20:50 Stone Mining
20:55 Gold Mining
21:21 Bow Saw
21:53 Hand Cart
22:36 Husbandry
DailySteak05620
5:01 Loom
10:59 Feudal Age
11:33 Double-Bit Axe
11:45 Horse Collar
12:25 Gold Mining
17:59 Bloodlines
24:15 Castle Age
22:41 Stone Mining
24:01 Scale Barding Armor
24:08 Forging
FatalDreamz7
5:58 Loom
10:08 Feudal Age
10:41 Double-Bit Axe
14:55 Padded Archer Armor
16:31 Fletching
17:01 Horse Collar
21:13 Wheelbarrow
25:19 Castle Age
25:39 Elite Skirmisher
25:42 Crossbowman
26:28 Thumb Ring
30:40 Pikeman
33:56 Forging
33:47 Scale Mail Armor
35:11 Squires
Connection lost

Rejoining the realm…

Still unreachable

The connection could not be restored.

Session expired

The server has moved on; the page needs a fresh start.